 Dungeon Crawl Stone Soup version 0.29.0-15-g675c0067aa (webtiles) character file.

Game seed: 17824188896455510730

28 qw the Shield-Bearer (level 3, -1/23 HPs)
             Began as a Gargoyle Fighter on Sept 12, 2022.
             Slain by Jessica
             ... wielding a +0 dagger
              (3 damage)
             ... on level 2 of the Dungeon.
             The game lasted 00:00:15 (827 turns).

qw the Shield-Bearer (Gargoyle Fighter)              Turns: 827, Time: 00:00:16

Health: -1/23      AC: 12    Str: 21    XL:     3   Next: 14%
Magic:  3/3        EV:  9    Int:  8    God:
Gold:   74         SH:  4    Dex:  9    Spells: 2/2 levels left

rFire   . . .      SeeInvis .   a - +0 war axe
rCold   + . .      Faith    .   c - +0 buckler
rNeg    + . .      Spirit   .   b - +0 scale mail
rPois   inf        Reflect  .   (no helmet)
rElec   +          Harm     .   e - +0 cloak
rCorr   +          Rampage  .   (no gloves)
Will    .....                   i - +0 pair of boots
Stlth   ..........              (no amulet)
HPRegen 0.07/turn               m - ring of resist corrosion
MPRegen 0.08/turn               n - ring of protection from cold

@: no status effects
A: sickness immunity, AC +3, negative energy resistance 1, electricity
resistance, torment resistance 1, petrification resistance
a: no special abilities


You were on level 2 of the Dungeon.
You visited 1 branch of the dungeon, and saw 2 of its levels.

You collected 74 gold pieces.


Innate Abilities, Weirdness & Mutations

You are immune to sickness and miasma.
Your stone body is resilient. (AC +3)
You are immune to poison.
You resist negative energy. (rN+)
You are resistant to electric shocks. (rElec)
You are resistant to unholy torment.
You are immune to petrification.


   Skills:
 - Level 3.2 Fighting
 + Level 3.2 Axes
 - Level 3.2 Armour
 - Level 3.2 Shields


You had 2 spell levels left.
You didn't know any spells.
Your spell library was empty.

Inventory:

Hand Weapons
 a - a +0 war axe (weapon)
 l - a +3 flail of holy wrath
Armour
 b - a +0 scale mail (worn)
 c - a +0 buckler (worn)
 e - a +0 cloak (worn)
 i - a +0 pair of boots (worn)
Jewellery
 m - a ring of resist corrosion (left hand)
 n - a ring of protection from cold (right hand)
Potions
 d - a potion of might
 f - a potion of haste {unknown}
 h - a potion of brilliance {unknown}
 j - a potion of ambrosia {unknown}
 k - a potion of attraction

Dungeon Overview and Level Annotations

Branches:
Dungeon (2/15)

Altars:

Annotations:
D:2 Jessica, Natasha


Message History

The adder is heavily wounded.
You hit Natasha. You block the adder's attack.
Jessica casts a spell.
Jessica blinks!
Natasha misses you. The adder bites you but does no damage.
You slash the adder!
You kill the adder!
You barely miss Natasha.
Natasha extends her claws.
Natasha claws you.
Jessica points at you and mumbles some strange words.
You barely resist.
Natasha mumbles some strange words.
You feel troubled. Natasha claws you.
Your Axes skill increases to level 3!
You have reached level 3!
Your experience leads to an increase in your attributes!
Increase (S)trength, (I)ntelligence, or (D)exterity?
You feel stronger. x2
You hit Natasha but do no damage.
Natasha is lightly wounded.
Jessica gestures wildly.
You block Natasha's attack.
You closely miss Natasha.
Natasha is lightly wounded.
You hit Jessica but do no damage. Jessica barely misses you.
Natasha claws you but does no damage. Jessica hits you with a +0 dagger.
You barely miss Natasha.
Natasha is lightly wounded.
You barely miss Jessica.
Natasha mumbles some strange words.
You feel disoriented. Natasha claws you. Jessica hits you with a +0 dagger.
You block Natasha's attack.
You hit Natasha.
Natasha is heavily wounded.
You closely miss Jessica. Jessica hits you with a +0 dagger.
You die...

. #.. ....
.....
#########......
#.....@h.......
#....@....###..
#...?.........
#..............
#..............
#..............
#..............
..?...#........


You could see Natasha and Jessica (fast).

Vanquished Creatures
  An adder (D:2)
  2 bats (D:1)
  3 goblins (D:1)
  2 hobgoblins (D:1)
  3 jackals (D:1)
  2 kobolds (D:1)
  2 ball pythons (D:1)
  A frilled lizard (D:1)
  A rat (D:1)
17 creatures vanquished.

Notes
Turn   | Place    | Note
-------+----------+-------------------------------------------
     0 | D:1      | qw the Gargoyle Fighter began the quest for the Orb.
     0 | D:1      | Reached XP level 1. HP: 14/14 MP: 1/1
     0 | D:1      | 0 ||| qw: Version: 0.1-a-119-g272c26d
     0 | D:1      | 0 ||| qw: Game counter: 10896
     0 | D:1      | 0 ||| qw: Always use a shield: true
     0 | D:1      | 0 ||| qw: God list: Okawaru
     0 | D:1      | 0 ||| qw: Allow faded altars: false
     0 | D:1      | 0 ||| qw: Do Orc after D:15 true
     0 | D:1      | 0 ||| qw: Do second Lair branch before Depths: true
     0 | D:1      | 0 ||| qw: Lair rune preference: random
     0 | D:1      | 0 ||| qw: Plans: Normal, Zot, God:TSO, Crypt, Tomb, Pan,
                  | Slime, Hells, Zig, Abyss, Orb
     0 | D:1      | 0 ||| PLANNING D:1-11
   271 | D:1      | 271 ||| Stepping ~*~*~tactically~*~*~ (stealth).
   278 | D:1      | Reached XP level 2. HP: 19/19 MP: 2/2
   390 | D:1      | 390 ||| DROPPING +0 club.
   740 | D:1      | 740 ||| UPGRADING to +0 cloak.
   745 | D:1      | 745 ||| DROPPING scarf of harm.
   746 | D:1      | 746 ||| UPGRADING to +0 pair of boots.
   751 | D:1      | 751 ||| UPGRADING to ring of resist corrosion.
   752 | D:1      | 752 ||| UPGRADING to ring of protection from cold.
   753 | D:1      | 753 ||| DRINKING 2 brown potions.
   813 | D:2      | Noticed Jessica
   813 | D:2      | Noticed Natasha
   824 | D:2      | Reached skill level 3 in Axes
   824 | D:2      | Reached XP level 3. HP: 9/23 MP: 3/3
   826 | D:2      | HP: 4/23 [Natasha (3)]
   827 | D:2      | Slain by Jessica

Levels and vault maps discovered:
D:1:      minmay_arrival_wavy_path, layout_basic
D:2:      layout_basic, dreamdust_ecumenical_altar_drowned_temple, minmay_puff,
          uniq_jessica, uniq_natasha

Skill      XL: |  1  2 |
---------------+-------+-----
Axes           | 2 3 |  3.2
Fighting       | |  3.2
Armour         | |  3.2
Shields        | |  3.2

Action                   || total
-------------------------++-------
Melee: War axe           ||    50
  Use: Potion            ||     1
Armor: Scale mail        ||    33
Dodge: Dodged            ||    28
Block: Buckler           ||     9

Table legend:
 A = Non-vault XP
 B = Vault XP
 C = Vault XP percentage of total XP
 D = Non-vault monster count
 E = Vault monster count
 F = Vault count percentage of total count
                 A         B        C        D         E       F
            +---------+---------+-------+---------+---------+-------
      Total |      41 |       0 |   0.0 |      17 |       0 |   0.0
            +---------+---------+-------+---------+---------+-------
        D:1 |      28 |       0 |   0.0 |      16 |       0 |   0.0
        D:2 |      13 |       0 |   0.0 |       1 |       0 |   0.0
            +---------+---------+-------+---------+---------+-------
